 Dungeon Crawl Stone Soup version 0.32-a0-136-gc02482b (webtiles) character file.

Game seed: 11865303376056314773

84 Dorkslayer the Trooper (level 4, -2/46 HPs)
             Began as an Octopode Fighter on Feb 10, 2024.
             Slain by a hobgoblin (4 damage)
             ... on level 2 of the Dungeon.
             The game lasted 00:03:07 (1633 turns).

Dorkslayer the Trooper (Octopode Fighter)           Turns: 1633, Time: 00:03:08

Health: -2/46      AC: 22    Str: 17    XL:     4   Next: 45%
Magic:  4/4        EV:  2    Int: 10    God:
Gold:   144        SH:  4    Dex: 11    Spells: 3/3 levels left

rFire   . .          .
                       - Unarmed
rCold   . . .        a - +0 buckler
rNeg    . . .        (helmet currently unavailable)
rPois   +            (no amulet)
rElec   .            (no ring)
rCorr   .            (no ring)
SInv    .            (no ring)
Will    +....        (no ring)
Stlth   ++           (no ring)
HPRegen 0.27/turn    (no ring)
MPRegen 0.09/turn    (no ring)
                     (no ring)

%: no passive effects
@: brilliant, tree-form, enlightened
A: stationary, stasis, torment immunity, boosted hp, almost no armour,
(amphibious), 8 rings, (camouflage 1), (gelatinous body 1), (nimble swimmer 1),
(tentacles)
a: no special abilities


You were on level 2 of the Dungeon.
You were a tree.
You visited 1 branch of the dungeon, and saw 2 of its levels.

You collected 144 gold pieces.

Inventory:

Hand Weapons
 e - a +0 mace
Armour
 a - a +0 buckler (worn)
Scrolls
 c - a scroll of poison {unknown}
 d - a scroll of enchant weapon {unknown}
 f - a scroll of fog {unknown}
 k - a scroll of revelation {unknown}
Potions
 b - 2 potions of might
 g - a potion of enlightenment
 h - a potion of lignification
 j - a potion of haste {unknown}
 l - a potion of mutation {unknown}


   Skills:
 + Level 3.4 Fighting
 + Level 3.4 Dodging
 + Level 1.4 Stealth
 + Level 3.2 Shields
 * Level 3.3 Unarmed Combat


You had 3 spell levels left.
You didn't know any spells.
Your spell library contained the following spells:

 Spells                   Type           Power      Damage    Failure   Level
 Magic Dart               Conj           0%         1d3       43%         1
 Searing Ray              Conj           0%         2d4       58%         2
 Fulminant Prism          Conj/Alch      0%         3d5       99%         4


Dungeon Overview and Level Annotations

Branches:
Dungeon (2/15)

Altars:

Annotations:
D:2 Jessica, Natasha


Innate Abilities, Weirdness & Mutations

You are a tree.
Your roots penetrate the ground, keeping you stationary.
You cannot be teleported.
You are immune to unholy pain and torment.
Your maximum health is greatly increased.
You cannot wear most types of armour.
((You are amphibious.))
You can wear up to eight rings at the same time.
((Your skin changes colour to match your surroundings (Stealth+).))
((Your rubbery body absorbs attacks. (AC +1, EV +1)))
((You are camouflaged when in or above water. (Stealth+)))
((You have tentacles for arms and can constrict up to eight enemies at once.))


Message History

You kill the dart slug!
Natasha, Servant of Life and Death comes into view.
There is an open door here.
A hobgoblin comes into view.
The hobgoblin moves out of view.
Natasha hisses angrily.
Natasha casts a spell at you. The magic dart hits you!
The hobgoblin shouts!
Jessica the Apprentice Sorceress comes into view.
She is wielding a +0 club and carrying a wand of flame.
You completely miss Natasha. Your grab misses Natasha. You squeeze Natasha.
Natasha is moderately wounded.
Natasha barely misses you.
You barely miss Natasha. You grab Natasha. Your squeeze misses Natasha.
Natasha is lightly wounded.
You constrict Natasha. Natasha claws you!
Jessica casts a spell.
Jessica blinks!
You tentacle-slap Natasha but do no damage.
Natasha is moderately wounded.
You constrict Natasha, but do no damage.
Natasha barely misses you. The hobgoblin misses you.
Jessica zaps a wand.
The puff of flame hits you!
* * * LOW HITPOINT WARNING * * *
Unknown command.
Okay, then.
It was a potion of enlightenment.
You feel very buoyant.
You fly up into the air.
You constrict Natasha. You block Natasha's attack. The hobgoblin hits you.
* * * LOW HITPOINT WARNING * * *
It was a potion of lignification.
You turn into a tree.
Your roots penetrate the ground.
You lose your grip on Natasha.
Natasha casts a spell.
The hobgoblin hits you but does no damage.
A dart slug comes into view.
It was a potion of brilliance.
You feel clever all of a sudden. Natasha claws you but does no damage.
The hobgoblin hits you.
You die...

#. ##. #. ... #.# ##'##
#.# ##...## #.#
##.....## #.#
##...h...## ##.##
#...5g♣...####...######
w'.........'............
##.........####...######
##.......## ##.#######
##..@..## #.......#
##...## #.#####.# ##'##
#.#####.# #. #..†.##.# #
######.##.##.#


You could see Natasha, a cerulean imp (summoned), a dart slug (wandering),
Jessica and a hobgoblin.

Vanquished Creatures
  Natasha (D:2)
  2 adders (D:2)
  3 dart slugs
  9 endoplasms
  2 giant cockroaches (D:2)
  4 goblins
  3 hobgoblins
  3 kobolds
  2 ball pythons (D:1)
  A bat (D:1)
  4 frilled lizards (D:1)
  A rat (D:2)
35 creatures vanquished.

Notes
Turn   | Place    | Note
-------+----------+-------------------------------------------
     0 | D:1      | Dorkslayer the Octopode Fighter began the quest for the
                  | Orb.
     0 | D:1      | Reached XP level 1. HP: 16/16 MP: 1/1
   247 | D:1      | Reached XP level 2. HP: 14/21 MP: 2/2
   794 | D:2      | Noticed Natasha
   800 | D:2      | Killed Natasha
   801 | D:2      | Reached XP level 3. HP: 13/26 MP: 3/3
   987 | D:2      | Reached skill level 1 in Stealth
   990 | D:2      | Reached XP level 4. HP: 31/31 MP: 4/4
  1622 | D:2      | Noticed Natasha
  1627 | D:2      | Noticed Jessica
  1631 | D:2      | HP: 1/31 [hobgoblin (2)]
  1633 | D:2      | Slain by a hobgoblin

Illustrated notes

Levels and vault maps discovered:
D:1:      lightli_iron_boxes, layout_basic, solitary_fountain
D:2:      minmay_alternating_diamond, layout_loops_corners, dk_vineyard_2,
          uniq_jessica, uniq_natasha

Skill      XL: |  1  2  3  4 |
---------------+-------------+-----
Stealth        | 1 |  1.4
Unarmed Combat | 3 |  3.3
Fighting       | |  3.4
Dodging        | |  3.4
Shields        | |  3.2

Action                     |  1- 3 |  4- 6 || total
---------------------------+-------+-------++-------
  Melee: Unarmed           |    54 |    24 ||    78
         Constrict         |    11 |     6 ||    17
         Tentacles         |     4 |     6 ||    10
         Punch             |     1 |     2 ||     3
    Use: Potion            |       |     3 ||     3
   Stab: Sleeping          |     5 |     4 ||     9
         Distracted        |     1 |       ||     1
 Armour: Skin              |    15 |    10 ||    25
  Dodge: Dodged            |    31 |    11 ||    42
  Block: Buckler           |     8 |     4 ||    12

Table legend: (Time is in decaauts)
 A = Elapsed time spent in this place.
 B = Non-inter-level travel time spent in this place.
 C = Inter-level travel time spent in this place.
 D = Time resting spent in this place.
 E = Time spent auto-exploring this place.
 F = Levels seen in this place.
 G = Mean time per level.
                   A        B        C        D        E       F      G
               +--------+--------+--------+--------+--------+-----+--------+
         Total |   1631 |   1631 |      0 |      0 |   1132 |   2 |  815.5 |
       Dungeon |   1631 |   1631 |      0 |      0 |   1132 |   2 |  815.5 |
               +--------+--------+--------+--------+--------+-----+--------+

Top non-repeatable levels by time:
     D:2: 871 daAuts
     D:1: 760 daAuts
